 Dungeon Crawl Stone Soup version 0.30.0-19-g36f170ea60 (webtiles) character file.

Game seed: 2240459758929141164

386401 cheesebisquit the Worldbinder (level 23, -14/146 HPs)
             Began as a Tengu Summoner on May 29, 2023.
             Was an Initiate of Gozag.
             Blown up by a lich (38 damage)
             ... with a wavering orb of destruction
             ... on level 1 of the Depths on May 30, 2023.
             The game lasted 06:35:13 (71458 turns).

cheesebisquit the Worldbinder (Tengu Summoner)     Turns: 71458, Time: 06:35:14

Health: -14/146    AC: 14    Str:  9    XL:     23   Next: 0%
Magic:  6/41       EV: 30    Int: 46    God:    Gozag
Gold:   11627      SH:  7    Dex: 23    Spells: 5/48 levels left

rFire   + + .        a - +3 Elemental Staff {rElec rF+ rC+ AC+3}
rCold   + + .        Z - +1 buckler {reflect}
rNeg    . . .        R - +0 robe of the Old World {*Corrode Fly rElec Int+8}
rPois   .            E - +2 hat {Will+}
rElec   +            h - +2 cloak of the Thief {*Fog Slay-2 SInv Stlth+}
rCorr   .            m - +3 pair of gauntlets of War {Slay+5}
SInv    +            (boots unavailable)
Will    ++...        p - amulet "Rulaq Piosu" {rF+ Regen+ Int+4}
Stlth   ++++++       e - +6 ring of intelligence
HPRegen 1.24/turn    v - ring "Xeapt" {rC+ Int+4 Dex+6}
MPRegen 0.27/turn

%: corrode self (3%), reflection
@: flying quickly and evasively, studying Staves, invisible, quick
A: beak, talons 3, nimble flight
}: 2/15 runes: decaying, gossamer
a: Renounce Religion, Potion Petition, Call Merchant, Bribe Branch


You were on level 1 of the Depths.
You worshipped Gozag.
Gozag was extremely pleased with you.
You visited 9 branches of the dungeon, and saw 39 of its levels.
You visited 1 bazaar.
You also visited: Trove and Desolation.

You collected 21285 gold pieces.
You spent 2857 gold pieces at shops.
You paid 6801 gold pieces to Gozag.

Inventory:

Hand Weapons
 a - the +3 Elemental Staff (weapon) {rElec rF+ rC+ AC+3}
   (You found it on level 9 of the Dungeon)

   It enhances your fire, ice, earth and air magic.
   AC:        It affects your AC (+3).
   rF:        It protects you from fire.
   rC:        It protects you from cold.
   rElec:     It insulates you from electricity.
 K - the +1 sling "Qicoik" {heavy, Int+3}
   (You found it on level 2 of the Vaults)

   Int:       It affects your intelligence (+3).
 O - the +6 spear of Butoekk {antimagic, Int+6 Dex-4}
   (You found it on level 7 of the Dungeon)

   Int:       It affects your intelligence (+6).
   Dex:       It affects your dexterity (-4).
 Q - the +5 quarterstaff of Distraction {speed, +Blink Int+3}
   (You found it in a treasure trove)

   Int:       It affects your intelligence (+3).
   +Blink:    It lets you blink.
Missiles
 g - 75 poisoned darts
 l - 6 datura-tipped darts
 r - 43 boomerangs
 x - 14 curare-tipped darts
 P - 3 boomerangs of dispersal
 W - 5 atropa-tipped darts
Armour
 h - the +2 cloak of the Thief (worn) {*Fog Slay-2 SInv Stlth+}
   (You bought it in a shop on level 2 of the Orcish Mines)

   *Fog:      It may release a thick cloud of smoke when the wearer is hurt.
   Slay:      It affects your accuracy & damage with ranged weapons and melee
   (-2).
   SInv:      It lets you see invisible.
   Stlth:     It makes you more stealthy.
 j - the +1 robe of Ycoxki Boiro {rPois rF- rN+ Will+++}
   (You found it in the Desolation of Salt)

   rF:        It makes you vulnerable to fire.
   rPois:     It protects you from poison.
   rN:        It protects you from negative energy.
   Will:      It greatly increases your willpower.
 m - the +3 pair of gauntlets of War (worn) {Slay+5}
   (You acquired it on level 2 of the Swamp)

   Slay:      It affects your accuracy & damage with ranged weapons and melee
   (+5).
 o - a +2 robe of the Archmagi
 z - the +1 robe "Icra" {rElec Int+5 Dex+3}
   (You found it on level 3 of the Elven Halls)

   Int:       It affects your intelligence (+5).
   Dex:       It affects your dexterity (+3).
   rElec:     It insulates you from electricity.
 E - a +2 hat of willpower (worn)
 R - the +0 robe of the Old World (worn) {*Corrode Fly rElec Int+8}
   (You found it on level 1 of the Vaults)

   Int:       It affects your intelligence (+8).
   rElec:     It insulates you from electricity.
   Fly:       It grants you flight.
   *Corrode:  It may corrode you when you take damage.
 S - a +2 robe of resistance
 Z - a +1 buckler of reflection (worn)
Jewellery
 e - a +6 ring of intelligence (left hand)
 i - the ring "Jeor" {rElec rC+ rCorr SInv}
   (You found it on level 3 of the Elven Halls)

   [ring of protection from cold]

   rC:        It protects you from cold.
   rElec:     It insulates you from electricity.
   SInv:      It lets you see invisible.
   rCorr:     It protects you from acid and corrosion.
 p - the amulet "Rulaq Piosu" (around neck) {rF+ Regen+ Int+4}
   (You took it off a deep elf zephyrmancer on level 3 of the Elven Halls)

   [amulet of regeneration]

   Int:       It affects your intelligence (+4).
   rF:        It protects you from fire.
   Regen:     It increases your rate of health regeneration.
 q - the ring "Quzad" {rElec rPois rF+ Will+ Dex-2}
   (You took it off a deep elf pyromancer on level 3 of the Elven Halls)

   [ring of willpower]

   Dex:       It affects your dexterity (-2).
   rF:        It protects you from fire.
   rElec:     It insulates you from electricity.
   rPois:     It protects you from poison.
   Will:      It increases your willpower.
 v - the ring "Xeapt" (right hand) {rC+ Int+4 Dex+6}
   (You found it on level 1 of the Spider Nest)

   [ring of dexterity]

   Int:       It affects your intelligence (+4).
   Dex:       It affects your dexterity (+6).
   rC:        It protects you from cold.
Wands
 b - a wand of flame (40)
 n - a wand of mindburst (11)
 u - a wand of roots (46)
 I - a wand of polymorph (21)
 J - a wand of paralysis (33)
 L - a wand of digging (21)
 T - a wand of quicksilver (7)
Scrolls
 f - 7 scrolls of fog
 t - 7 scrolls of amnesia
 y - 6 scrolls of butterflies
 A - 3 scrolls of magic mapping
 B - 6 scrolls of poison
 D - 9 scrolls of immolation
 N - 9 scrolls of teleportation
 V - 2 scrolls of fear
 X - 3 scrolls of silence
 Y - 7 scrolls of blinking
Potions
 c - 2 potions of cancellation
 s - 4 potions of lignification
 w - 7 potions of mutation
 C - a potion of brilliance
 F - a potion of magic
 G - 2 potions of resistance
 H - 7 potions of ambrosia
 M - 5 potions of haste
 U - 10 potions of attraction
Miscellaneous
 k - a lightning rod (4/4)


   Skills:
 - Level 15.9 Fighting
 - Level 12.0 Staves
 - Level 5.0 Armour
 - Level 16.0 Dodging
 - Level 9.0 Stealth
 - Level 5.0 Shields
 + Level 13.4 Spellcasting
 - Level 5.0 Conjurations
 - Level 10.0 Hexes
 - Level 23.7 Summonings
 - Level 15.0 Necromancy
 - Level 5.0 Translocations
 - Level 10.2 Air Magic
 - Level 3.3 Evocations


You had 5 spell levels left.
You knew the following spells:

 Your Spells              Type           Power      Damage    Failure   Level
a - Summon Forest         Summ/Tloc      52%        N/A       1%          5
b - Summon Cactus Giant   Summ           64%        N/A       0%          6
d - Blink                 Tloc           100%       N/A       1%          2
e - Summon Lightning Spi  Summ/Air       100%       N/A       0%          4
f - Summon Mana Viper     Hex/Summ       100%       N/A       1%          5
g - Monstrous Menagerie   Summ           64%        N/A       1%          7
h - Spellforged Servitor  Conj/Summ      52%        N/A       2%          7
z - Haunt                 Necr/Summ      59%        N/A       1%          7

Your spell library contained the following spells:

 Spells                   Type           Power      Damage    Failure   Level
 Summon Small Mammal      Summ           100%       N/A       0%          1
 Call Imp                 Summ           100%       N/A       0%          2
 Sublimation of Blood     Necr           100%       N/A       0%          2
 Call Canine Familiar     Summ           100%       N/A       0%          3
 Summon Guardian Golem    Hex/Summ       100%       N/A       0%          3
 Vampiric Draining        Necr           100%       2d13      0%          3
 Beastly Appendage        Tmut           60%        N/A       1%          1
 Foxfire                  Conj/Fire      100%       2x1d9     1%          1
 Freeze                   Ice            100%       1d10      1%          1
 Kiss of Death            Conj/Necr      100%       2d13      1%          1
 Shock                    Conj/Air       100%       1d9       1%          1
 Slow                     Hex            100%       N/A       1%          1
 Ensorcelled Hibernation  Hex/Ice        100%       N/A       1%          2
 Lesser Beckoning         Tloc           100%       N/A       1%          2
 Momentum Strike          Conj/Tloc      100%       3d10      1%          2
 Passwall                 Tmut/Erth      38%        N/A       1%          2
 Static Discharge         Conj/Air       100%       2-7/arc   1%          2
 Wereblood                Tmut           30%        N/A       1%          2
 Confusing Touch          Hex            89%        N/A       1%          3
 Gell's Gravitas          Tloc           67%        N/A       1%          3
 Hailstorm                Conj/Ice       69%        3d14      1%          3
 Portal Projectile        Hex/Tloc       100%       N/A       1%          3
 Swiftness                Air            100%       N/A       1%          3
 Teleport Other           Tloc           67%        N/A       1%          3
 Tukima's Dance           Hex            89%        N/A       1%          3
 Airstrike                Air            56%        2d(8-24)  1%          4
 Anguish                  Hex/Necr       49%        N/A       1%          4
 Animate Armour           Summ/Erth      100%       N/A       1%          4
 Cause Fear               Hex            44%        N/A       1%          4
 Dispel Undead            Necr           100%       3d31      1%          4
 Leda's Liquefaction      Hex/Erth       43%        N/A       1%          4
 Manifold Assault         Tloc           67%        N/A       1%          4
 Summon Ice Beast         Ice/Summ       100%       N/A       1%          4
 Frozen Ramparts          Ice            92%        1d14      3%          3
 Spider Form              Tmut/Pois      30%        N/A       3%          3
 Freezing Cloud           Conj/Ice/Air   54%        6-21      4%          5
 Iskenderun's Battlesphe  Conj           67%        2d12      4%          5
 Ice Form                 Ice/Tmut       46%        N/A       12%         4
 Petrify                  Tmut/Erth      46%        N/A       12%         4
 Fireball                 Conj/Fire      34%        3d14      12%         5
 Irradiate                Conj/Tmut      26%        3d20      12%         5
 Blade Hands              Tmut           15%        N/A       32%         5
 Lee's Rapid Deconstruct  Erth           23%        3d13*     32%         5
 Conjure Ball Lightning   Conj/Air       50%        3x3d17    9%          6
 Enfeeble                 Hex            44%        N/A       17%         7
 Infestation              Necr           53%        N/A       17%         8
 Plasma Beam              Fire/Air       54%        2x1d75    22%         6
 Dispersal                Tloc           33%        N/A       24%         6
 Iron Shot                Conj/Erth      34%        9d7       54%         6
 Starburst                Conj/Fire      34%        6d10      54%         6
 Maxwell's Capacitive Co  Air            56%        ∞         75%         8
 Storm Form               Tmut/Air       43%        N/A       77%         7
 Orb of Destruction       Conj           33%        9d10      78%         7
 Statue Form              Tmut/Erth      30%        N/A       88%         6
 Dragon Form              Tmut           15%        N/A       100%        7
 Disjunction              Tloc           33%        N/A       100%        8
 Polar Vortex             Ice            23%        N/A       100%        9
 Animate Dead             Necr           Unusable   N/A       N/A         4

Dungeon Overview and Level Annotations

Branches:
Dungeon (15/15)            Temple (1/1) D:6            Lair (5/5) D:11
  Swamp (4/4) Lair:2       Spider (4/4) Lair:2        Slime (0/5) Lair:4
    Orc (2/2) D:11            Elf (3/3) Orc:2        Vaults (4/5) D:14
  Crypt (0/3) Vaults:2     Depths (1/4) D:15        Desolation (visited)

Altars:
Ashenzari
Cheibriados
Dithmenos
Elyvilon
Fedhas
Gozag
Hepliaklqana
Kikubaaqudgha
Makhleb
Nemelex Xobeh
Okawaru
Qazlal
Ru
Sif Muna
Trog
Uskayaw
Vehumet
Wu Jian
Xom
Yredelemnul
Zin
The Shining One
Jiyva

Shops:
D:2 (   D:15 (   Orc:1 *!   Orc:2 *[:!*=   Elf:2 [   Lair:2 ?   Lair:3 =
Lair:5 (

Portals:
Pandemonium: Depths:1

Annotations:
Swamp:2 2 transporters, exclusion: obsidian statue


Innate Abilities, Weirdness & Mutations

You have a beak for a mouth.
You have claws for feet.
Your magical nature lets you fly swiftly and evasively.


Message History

Casting: Summon Cactus Giant (safe; 0% risk of failure)
Confirm with . or Enter, or press ? or * to list all spells.
You don't have enough magic to cast this spell.
You hit the lich. Your kick misses the lich.
You peck the lich, but do no damage.
The lich is moderately damaged.
The lich completely misses you.
The lich is distracted by your dazzling golden aura.
You reach down and open the door.
Your cactus giant closely misses the lich.
The lich shouts!
The lich is no longer distracted by gold.
The lich conjures an orb of pure magic.
Something hits your cactus giant!!
An orb of destruction comes into view.
There is an open door here.
You hear a shout!
The orb of destruction hits you!!!
* * * LOW HITPOINT WARNING * * *
[a] - 540 gold - might, brilliance and haste [b] - 600 gold - curing, magic, resistance and might [c] - 184 gold - heal wounds and curing Purchase which effect?
You feel much better.
You feel better. Something hits your cactus giant!!
The lich casts a spell at you.
You easily resist.
Casting: Summon Cactus Giant (safe; 0% risk of failure)
Confirm with . or Enter, or press ? or * to list all spells.
You blink.
The lich conjures an orb of pure magic.
An orb of destruction comes into view.
Space becomes stable.
The orb of destruction hits you!!!
* * * LOW HITPOINT WARNING * * *
The lich launches a ball of destructive magic.
An orb of destruction comes into view.
You fade into invisibility!
The lich closely misses you.
The wavering orb of destruction hits you!!!
You die...

♣♣.~.§§§§§§.♣
##♣#~.).♣§.C♣♣.♣
#...~...~♣#'♣##♣
#...~.⌠.T♣#p##♣########
#...~....##..##.......#
#..♣~.................#
#..~~.....H.[.........#
#........°.LC.........#.
#######...○○@...#####..
############).# .
#.........###.### .#
#.........# ♣...##.#
#.........# ###....#
#######.........#####..###
......+...............>#
##..............########
.#.###....###...#


You could see a stone giant (soul bound, unable to see you), a lich (fast,
invisible), a deep troll shaman (soul bound), a necromancer (unable to see you),
a friendly manticore (summoned) and a friendly cactus giant (summoned).

Vanquished Creatures
  A very ugly thing (Depths:1)
  2 yaktaur captains (Vaults:2)
  2 catoblepae (Lair:5)
  An ice dragon (Swamp:4)
  An alligator (Swamp:2)
  A radroach (Spider:2)
  3 deep elf knights
  A wizard (Vaults:2)
  An ugly thing (Vaults:2)
  3 deep elf zephyrmancers
  A wolf spider (D:13)
  A demonic crawler (Spider:4)
  A tengu conjurer (Depths:1)
  2 hellwings (Depths:1)
  A saltling (Desolation)
  3 blink frogs
  A tarantella (Spider:3)
  4 slime creatures
  A basilisk (Lair:2)
  2 humans
  A water moccasin (Lair:4)
  A nameless horror (Lair:5)
  A lemure (D:7)
  A howler monkey (D:7)
  An orc priest (D:7)
  2 orc wizards
  3 gnolls (D:2)
  An adder (D:2)
  4 orcs
  An endoplasm (D:4)
  A hobgoblin (D:1)
  2 kobolds (D:8)
  A quokka (D:4)
  A bat (D:1)
54 creatures vanquished.

Vanquished Creatures (collateral kills)
  Xtahua (Vaults:2)
  Arachne (Spider:3)
  Zenata (Vaults:3)
  A tentacled monstrosity (Depths:1)
  Rupert (D:13)
  2 deep elf master archers (Elf:3)
  3 sphinxes
  2 deep elf blademasters (Elf:3)
  A tengu reaver (Vaults:1)
  A thorn hunter (Swamp:3)
  Kirke (Swamp:4)
  A shadow dragon (Elf:1)
  Donald (Spider:3)
  11 deep elf sorcerers
  An iron dragon (Elf:1)
  3 fire giants
  A frost giant (Depths:1)
  An imperial myrmidon (Desolation)
  Aizul (Spider:3)
  11 very ugly things
  5 deep elf elementalists
  4 emperor scorpions (Spider:4)
  A ghoul (Vaults:2)
  8 ghost moths
  An orc warlord (Vaults:2)
  7 ironbound preservers
  21 vault wardens
  A curse skull (Vaults:2)
  A war gargoyle (Vaults:2)
  A broodmother (Spider:3)
  2 eleionomae (Swamp:4)
  The ghost of Diggabert the Spear-Bearer, a journeyman FoFi of Hepliaklqana (Lair:2)
  6 ironbound thunderhulks
  9 deep elf demonologists
  4 stone giants
  2 halazid warlocks (Desolation)
  10 dire elephants
  5 deep elf annihilators (Elf:3)
  Azrael (Elf:1)
  2 bunyips
  4 spark wasps
  Snorg (Lair:5)
  A green death (Depths:1)
  An eidolon (Vaults:2)
  6 deep elf death magi
  A fire dragon (Lair:1)
  4 crystal guardians
  An ettin (Depths:1)
  5 entropy weavers
  10 ragged hierophants (Desolation)
  3 deep elf high priests
  16 yaktaur captains
  5 ice dragons
  Fannar (Lair:3)
  12 hydras
  5 great orbs of eyes
  5 servants of whispers (Desolation)
  7 peacekeepers
  An ogre mage (Orc:1)
  Erolcha (D:11)
  13 centaur warriors
  3 rakshasas
  15 vault guards
  3 catoblepae
  3 ghost crabs
  6 two-headed ogres
  14 alligators
  A radroach (Spider:4)
  A two-headed ogre (shapeshifter) (D:14)
  5 boulder beetles
  A deep troll earth mage (Vaults:1)
  28 dancing weapons
  6 tengu warriors
  10 ironbound frosthearts
  6 death yaks (Lair:5)
  Urug (Orc:2)
  4 orc high priests
  A vampire mage (D:15)
  10 spriggans
  20 deep elf knights
  Sonja (D:10)
  A skyshark (Lair:5)
  Amaemon (Lair:2)
  3 skeletal warriors
  2 fire crabs (shapeshifter)
  2 sun moths
  5 pharaoh ants
  7 orb spiders
  3 goliath frogs
  2 spriggan druids
  2 bog bodies
  2 tengu zombies (D:15)
  15 deep trolls
  2 swamp dragons
  An obsidian statue (D:12)
  3 glowing orange brains
  20 deep elf archers
  2 steelbarb worms (Spider:2)
  31 ironbound convokers
  10 wizards
  A phantasmal warrior (Vaults:3)
  Pikel (D:7)
  12 lindwurms
  23 deep elf zephyrmancers
  5 orc knights
  6 manticores
  A necromancer (D:15)
  24 deep elf pyromancers
  4 orc sorcerers
  A frost giant zombie (D:15)
  30 ugly things
  4 cyclopes
  A moth of wrath (Spider:4)
  5 will-o-the-wisps
  12 wolf spiders
  3 black mambas
  15 elephants
  15 vault sentinels
  3 guardian serpents (Desolation)
  3 molten gargoyles (Desolation)
  An eye of devastation (shapeshifter) (D:14)
  An orange demon (Lair:2)
  4 demonic crawlers
  3 centaur zombies (D:11)
  10 cane toads
  3 torpor snails
  3 gargoyles
  5 nameless horrors
  An efreet (D:13)
  A komodo dragon (shapeshifter) (Elf:3)
  7 komodo dragons
  36 yaktaurs
  Psyche (D:8)
  2 kobold demonologists (D:10)
  4 freezing wraiths (Swamp:4)
  A redback zombie (D:11)
  A tengu conjurer (D:13)
  2 hellwings
  9 trolls
  A bloated husk (Swamp:3)
  A red devil (Depths:1)
  52 saltlings (Desolation)
  4 tyrant leeches
  13 hornets
  18 blink frogs
  A hornet (shapeshifter) (Elf:3)
  24 tarantellas
  5 dream sheep (Lair:5)
  A raiju (Swamp:2)
  2 shadows
  19 slime creatures
  7 air elementals
  21 jumping spiders
  4 water elementals
  5 wyverns
  A centaur simulacrum (D:14)
  4 wraiths
  12 culicivoras
  2 vampires
  Eustachio (D:5)
  4 basilisks
  50 yaks
  2 hogs (Swamp:4)
  14 humans
  10 fire elementals
  37 redbacks
  Grum (D:8)
  2 steam dragons
  14 vampire mosquitoes
  3 swamp worm simulacra (Swamp:4)
  3 wargs
  7 swamp worms
  An acid dragon (D:14)
  4 hell hounds (Elf:1)
  12 hydra simulacra (Swamp:4)
  10 water moccasins
  27 orc warriors
  A meliai simulacrum (D:14)
  2 swamp drakes (Swamp:2)
  A black bear (shapeshifter) (Vaults:1)
  3 ice beasts
  A sky beast (D:4)
  18 centaurs
  2 wolves
  4 ogres
  3 lemures (D:7)
  8 kobold brigands
  4 bullfrogs
  2 gnoll sergeants
  7 necrophages (Lair:2)
  An earth elemental (Elf:2)
  6 scorpions
  9 wights
  3 killer bees (D:9)
  2 electric eels (Spider:4)
  4 howler monkeys
  3 hounds
  8 jellies
  16 orc priests
  2 sleepcaps
  3 iguanas
  29 orc wizards
  A statue (D:4)
  12 adders
  12 gnolls
  5 shadow imps
  A white imp (D:7)
  3 ufetubi
  5 swamp drake simulacra (Swamp:4)
  2 worms
  3 dart slugs
  78 orcs
  4 ball pythons
  11 endoplasms
  2 giant cockroaches
  5 hobgoblins
  3 quokkas (D:4)
  4 bats
  2 frilled lizards
  3 goblins
  24 kobolds
  2 rats (D:2)
  A snaplasher vine (Swamp:2)
1482 creatures vanquished.

Vanquished Creatures (others)
  Gastronok (Lair:1)
  An emperor scorpion (Spider:1)
  A caustic shrike zombie (D:15)
  An orc warlord (Orc:1)
  Josephine (Lair:5)
  A ragged hierophant (Desolation)
  A centaur warrior (D:13)
  A hydra (D:13)
  2 two-headed ogres
  3 boulder beetles
  3 death yaks (Lair:5)
  An orc high priest (Orc:2)
  A deep elf knight (Elf:2)
  A skeletal warrior (D:15)
  2 deep elf archers
  2 deep elf pyromancers
  3 orc sorcerers (Orc:2)
  3 orc knights (Orc:2)
  A deep elf zephyrmancer (Elf:1)
  3 manticores
  2 centaur zombies (D:11)
  Joseph (D:8)
  A cane toad (Lair:5)
  Maggie (D:8)
  A komodo dragon (Lair:5)
  A hellwing (D:11)
  2 trolls
  A saltling (Desolation)
  A tarantella (Spider:2)
  4 blink frogs
  A jumping spider (Spider:2)
  A shadow (D:13)
  2 air elementals
  A water elemental (Elf:1)
  A human (Swamp:4)
  2 steam dragons (D:9)
  12 yaks
  3 vampire mosquitoes
  A redback (Lair:2)
  A warg (D:11)
  3 water moccasins
  An orc warrior (D:5)
  A wolf (D:8)
  A centaur (D:8)
  2 bullfrogs (D:8)
  2 gnoll sergeants (D:5)
  4 wights
  A hound (D:4)
  A jelly (D:7)
  2 orc wizards
  2 orcs
  19 foxfires
  31 snaplasher vines
143 creatures vanquished.

Grand Total: 1679 creatures vanquished

Notes
Turn   | Place    | Note
-------+----------+-------------------------------------------
     0 | D:1      | cheesebisquit the Tengu Summoner began the quest for the
                  | Orb.
     0 | D:1      | Reached XP level 1. HP: 10/10 MP: 4/4
   175 | D:1      | Reached skill level 5 in Summonings
   241 | D:1      | Reached XP level 2. HP: 15/15 MP: 3/6
   431 | D:1      | Found a faded altar of an unknown god.
   782 | D:1      | Learned a level 2 spell: Call Imp
  1193 | D:2      | Identified the +4 short sword of Zin, Writhing {heavy,
                  | rPois Stlth+}
  1207 | D:2      | Reached XP level 3. HP: 3/19 MP: 2/8
  1344 | D:2      | Learned a level 3 spell: Call Canine Familiar
  1475 | D:2      | Reached XP level 4. HP: 24/24 MP: 3/9
  1608 | D:2      | Found Bysiysk's Antique Weapon Shop.
  1946 | D:3      | Reached skill level 6 in Summonings
  2027 | D:3      | Learned a level 3 spell: Summon Guardian Golem
  2259 | D:3      | Found an opulent altar of Gozag.
  2316 | D:3      | Became a worshipper of Gozag Ym Sagoz the Greedy
  2828 | D:4      | Noticed a sky beast
  2828 | D:4      | Found a stormy altar of Qazlal.
  2966 | D:4      | Gained mutation: Your magical nature lets you fly swiftly
                  | and evasively. [Tengu growth]
  2966 | D:4      | Reached XP level 5. HP: 28/28 MP: 8/11
  3192 | D:4      | Found a radiant altar of Vehumet.
  3192 | D:4      | Noticed a frost-covered statue
  3198 | D:4      | Reached XP level 6. HP: 29/32 MP: 4/13
  3281 | D:4      | Learned a level 4 spell: Summon Lightning Spire
  3643 | D:4      | Reached skill level 7 in Summonings
  3643 | D:4      | Reached skill level 1 in Air Magic
  3772 | D:4      | Reached skill level 1 in Hexes
  3934 | D:4      | Reached XP level 7. HP: 36/36 MP: 14/14
  4825 | D:4      | Reached skill level 5 in Spellcasting
  4973 | D:5      | Entered Level 5 of the Dungeon
  5050 | D:5      | Reached XP level 8. HP: 23/41 MP: 5/16
  5052 | D:5      | Reached skill level 8 in Summonings
  5440 | D:5      | Noticed Eustachio
  5971 | D:5      | Reached skill level 5 in Air Magic
  6226 | D:5      | Killed Eustachio
  6595 | D:6      | Reached skill level 9 in Summonings
  6818 | D:6      | Reached XP level 9. HP: 45/45 MP: 6/18
  6934 | D:6      | Found a broken altar of Ashenzari.
  6953 | D:6      | Reached skill level 1 in Fighting
  7204 | D:6      | Found a staircase to the Ecumenical Temple.
  7213 | Temple   | Entered the Ecumenical Temple
  8229 | D:7      | Identified the +6 spear of Butoekk {antimagic, Int+6 Dex-4}
  8760 | D:7      | Noticed Pikel
  8766 | D:7      | Killed Pikel
  9109 | D:7      | Found a blossoming altar of Fedhas.
  9525 | D:7      | Reached XP level 10. HP: 46/56 MP: 7/19
  9632 | D:7      | Reached skill level 10 in Summonings
 10296 | D:8      | Noticed a two-headed ogre
 10298 | D:8      | Noticed Maggie
 10428 | D:8      | Noticed Grum
 10716 | D:7      | Found a blossoming altar of Fedhas.
 11457 | D:8      | Noticed Psyche
 11460 | D:8      | Killed Maggie
 11465 | D:8      | Reached skill level 5 in Dodging
 11465 | D:8      | Reached skill level 5 in Stealth
 11475 | D:8      | Killed Psyche
 11503 | D:8      | Noticed Joseph
 11514 | D:8      | Killed Grum
 11515 | D:8      | Reached skill level 5 in Hexes
 11519 | D:8      | Killed a two-headed ogre
 11520 | D:8      | Reached skill level 5 in Fighting
 11520 | D:8      | Reached skill level 11 in Summonings
 11522 | D:8      | Reached XP level 11. HP: 52/63 MP: 1/20
 11561 | D:8      | Killed Joseph
 11760 | D:8      | Found a hide-covered altar of Uskayaw.
 12370 | D:9      | Noticed a two-headed ogre
 12381 | D:9      | Killed a two-headed ogre
 12741 | D:9      | Noticed a deep elf pyromancer
 12761 | D:9      | Killed a deep elf pyromancer
 12976 | D:9      | Reached skill level 12 in Summonings
 12987 | D:9      | Noticed a two-headed ogre
 13004 | D:9      | Killed a two-headed ogre
 13585 | D:9      | Found a glowing silver altar of Zin.
 13592 | D:9      | Found a basalt altar of Yredelemnul.
 13636 | D:10     | Entered Level 10 of the Dungeon
 13669 | D:10     | Noticed a sun demon
 13851 | D:10     | Noticed Sonja
 13866 | D:10     | Killed Sonja
 14162 | D:10     | Reached XP level 12. HP: 72/72 MP: 11/21
 14543 | D:10     | Found a portal to a secret trove of treasure.
 14963 | D:11     | Reached skill level 13 in Summonings
 15065 | D:11     | Found a staircase to the Lair.
 15480 | D:11     | Found a staircase to the Orcish Mines.
 15546 | D:11     | Noticed Erolcha
 15569 | D:11     | Killed Erolcha
 15732 | D:11     | Reached skill level 10 in Dodging
 15796 | D:11     | You are sucked into a shaft and drop 3 floors!
 15892 | D:14     | Noticed a boulder beetle
 15937 | D:14     | Killed a boulder beetle
 15995 | D:14     | Noticed a boulder beetle
 16007 | D:14     | Killed a boulder beetle
 16027 | D:14     | Noticed a catoblepas
 16040 | D:14     | Killed a catoblepas
 16099 | D:14     | Noticed a rakshasa
 16120 | D:14     | Noticed Rupert
 16142 | D:14     | Noticed a white very ugly thing
 16177 | D:12     | Noticed a boulder beetle
 16847 | D:11     | Found a staircase to the Orcish Mines.
 16955 | D:11     | Found a staircase to the Lair.
 17135 | D:12     | Reached XP level 13. HP: 80/80 MP: 13/22
 17296 | D:12     | Reached skill level 1 in Evocations
 17316 | D:12     | Reached skill level 1 in Staves
 17435 | D:12     | Reached skill level 14 in Summonings
 19427 | Lair:1   | Entered Level 1 of the Lair of Beasts
 19750 | Lair:1   | Noticed Gastronok
 19772 | Lair:1   | Killed Gastronok
 19851 | Lair:1   | Identified a scroll of acquirement
 19852 | Lair:1   | Acquired a book of Beasts
 19860 | Lair:1   | Learned a level 5 spell: Summon Mana Viper
 20306 | Lair:1   | Noticed a fire dragon
 20326 | Lair:1   | Killed a fire dragon
 21114 | Lair:2   | Noticed Amaemon
 21127 | Lair:2   | Killed Amaemon
 21221 | Lair:2   | Learned a level 7 spell: Monstrous Menagerie
 21344 | Lair:2   | Found a hole to the Spider Nest.
 21389 | Lair:2   | Reached skill level 15 in Summonings
 21688 | Lair:2   | Bought a scroll of blinking for 90 gold pieces
 21688 | Lair:2   | Bought a scroll of poison for 48 gold pieces
 21688 | Lair:2   | Bought a scroll of teleportation for 36 gold pieces
 21688 | Lair:2   | Bought a scroll of teleportation for 36 gold pieces
 21717 | Lair:2   | Found a radiant altar of Vehumet.
 21802 | Lair:2   | Reached XP level 14. HP: 86/86 MP: 8/25
 22294 | Lair:2   | Found a runed translucent door.
 22295 | Lair:2   | Noticed Diggabert's ghost (journeyman FoFi)
 23112 | Lair:2   | Found a staircase to the Swamp.
 23326 | Lair:2   | Killed Diggabert's ghost
 23759 | Lair:3   | Noticed Fannar
 23761 | Lair:3   | Reached skill level 16 in Summonings
 23769 | Lair:3   | Killed Fannar
 24805 | Lair:3   | Bought an amulet of magic regeneration for 570 gold pieces
 24991 | Lair:4   | Reached skill level 1 in Shields
 25054 | Lair:4   | Found a viscous altar of Jiyva.
 25054 | Lair:4   | Found a staircase to the Slime Pits.
 26299 | Lair:5   | Entered Level 5 of the Lair of Beasts
 26481 | Lair:5   | Reached skill level 5 in Shields
 26909 | Lair:5   | Reached skill level 17 in Summonings
 26989 | Lair:5   | Noticed Snorg
 27003 | Lair:5   | Killed Snorg
 27359 | Lair:5   | Reached skill level 18 in Summonings
 27362 | Lair:5   | Reached XP level 15. HP: 92/92 MP: 5/26
 27746 | Lair:5   | Reached skill level 19 in Summonings
 27753 | Lair:5   | Noticed Josephine
 27763 | Lair:5   | Killed Josephine
 28792 | Orc:1    | Entered Level 1 of the Orcish Mines
 28830 | Orc:1    | Reached skill level 20 in Summonings
 29145 | Orc:1    | Bought a potion of heal wounds for 85 gold pieces
 29145 | Orc:1    | Bought a potion of heal wounds for 85 gold pieces
 29155 | Orc:2    | Entered Level 2 of the Orcish Mines
 29697 | Orc:2    | Found a staircase to the Elven Halls.
 30106 | Orc:1    | Found Ykkeoro's General Store.
 30119 | Orc:1    | Noticed an orc warlord
 30130 | Orc:1    | Killed an orc warlord
 30134 | Orc:1    | Reached skill level 21 in Summonings
 30320 | Orc:2    | Noticed Urug
 30328 | Orc:2    | Killed Urug
 30467 | Orc:2    | Reached skill level 10 in Fighting
 30546 | Orc:2    | Found Meupuwne's Distillery.
 30546 | Orc:2    | Found Yhiphozu's Assorted Antiques.
 30554 | Orc:2    | Found Tearep's Book Boutique.
 30554 | Orc:2    | Found Esoegg's Armour Shoppe.
 31229 | D:13     | Reached XP level 16. HP: 97/97 MP: 9/27
 33438 | D:14     | Found a gate to the Vaults.
 34872 | D:15     | Entered Level 15 of the Dungeon
 34998 | D:15     | Reached skill level 22 in Summonings
 35091 | D:15     | Found Ixkualietos's Antique Weapon Emporium.
 35094 | D:15     | Found a staircase to the Depths.
 35412 | D:15     | Found a gateway to a bazaar.
 35418 | Bazaar   | Entered a bazaar
 35420 | Bazaar   | Found Hywiusual's Book Boutique.
 35424 | Bazaar   | Found Waumuisiul's Book Boutique.
 35424 | Bazaar   | Found Comijio's Weapon Boutique.
 35425 | Bazaar   | Found Zetyopp's Assorted Antiques.
 35435 | Bazaar   | Bought a book of the Wilderness for 456 gold pieces
 35440 | Bazaar   | Bought an embroidered robe for 55 gold pieces
 35440 | Bazaar   | Bought a scroll of enchant armour for 112 gold pieces
 35440 | Bazaar   | Bought a copper ring for 75 gold pieces
 35464 | Bazaar   | Bought an Inescapable Atlas for 416 gold pieces
 35464 | Bazaar   | Bought a book of Death for 572 gold pieces
 35470 | Bazaar   | Learned a level 5 spell: Summon Forest
 35565 | D:15     | Identified the +5 long sword of the Wary Stars {antimagic,
                  | rC+ Int+3}
 36357 | Spider:1 | Entered Level 1 of the Spider Nest
 36655 | Orc:2    | Bought the +2 cloak of the Thief {*Fog Slay-2 SInv Stlth+}
                  | for 221 gold pieces
 36655 | Orc:2    | Found the +2 cloak of the Thief {*Fog Slay-2 SInv Stlth+}
 37434 | Spider:1 | Identified the ring "Xeapt" {rC+ Int+4 Dex+6}
 38695 | Spider:2 | Reached XP level 17. HP: 105/105 MP: 6/30
 38746 | Spider:2 | Learned a level 6 spell: Summon Cactus Giant
 38952 | Spider:2 | Learned a level 7 spell: Haunt
 39031 | Spider:2 | Reached skill level 1 in Necromancy
 39944 | Spider:2 | Reached skill level 5 in Necromancy
 40182 | Spider:3 | Noticed Donald
 40202 | Spider:3 | Killed Donald
 40384 | Spider:3 | Noticed Arachne
 40403 | Spider:3 | Killed Arachne
 40800 | Spider:3 | Noticed Aizul
 40808 | Spider:3 | Killed Aizul
 41566 | Spider:4 | Entered Level 4 of the Spider Nest
 42161 | Spider:4 | Reached skill level 10 in Necromancy
 43634 | Spider:4 | Got a gossamer rune of Zot
 44696 | D:13     | Killed Rupert
 44942 | Swamp:1  | Entered Level 1 of the Swamp
 45050 | Swamp:1  | Reached XP level 18. HP: 114/114 MP: 3/32
 46163 | Swamp:2  | Identified the +2 battleaxe of Symmetry {heavy, rN+ Will-
                  | rCorr Int+5}
 46356 | Swamp:2  | Found a transporter.
 46447 | Swamp:2  | Noticed a tentacled monstrosity
 46448 | Swamp:2  | Found a transporter.
 46978 | Swamp:2  | Acquired 773 gold pieces
 46980 | Swamp:2  | Acquired the +3 pair of gauntlets of War {Slay+5}
 46980 | Swamp:2  | Found the +3 pair of gauntlets of War {Slay+5}
 46993 | Swamp:2  | Acquired the +1 hat of Jeall {+Inv SInv}
 47144 | Swamp:3  | Acquired 675 gold pieces
 47494 | Swamp:3  | Reached skill level 1 in Translocations
 48093 | Swamp:4  | Entered Level 4 of the Swamp
 48100 | Swamp:4  | Reached skill level 10 in Air Magic
 48732 | Swamp:4  | Noticed Kirke
 48738 | Swamp:4  | Killed Kirke
 49036 | Swamp:4  | Reached skill level 5 in Translocations
 49734 | Swamp:4  | Got a decaying rune of Zot
 50415 | Vaults:1 | Entered Level 1 of the Vaults
 50840 | Vaults:1 | Reached XP level 19. HP: 111/121 MP: 9/33
 50988 | Vaults:1 | Reached skill level 10 in Spellcasting
 52236 | Vaults:1 | Identified the +0 robe of the Old World {*Corrode Fly rElec
                  | Int+8}
 52245 | Vaults:1 | Got the Essays on the Glacier
 52247 | Vaults:1 | Identified the +7 mace "Ceugaula" {protect, rElec Str+2}
 52925 | Vaults:2 | Noticed Xtahua
 52934 | Vaults:2 | Killed Xtahua
 53221 | Vaults:2 | Learned a level 2 spell: Blink
 53542 | Vaults:2 | Identified the +1 sling "Qicoik" {heavy, Int+3}
 54349 | Vaults:2 | Found a staircase to the Crypt.
 54379 | Vaults:2 | Reached skill level 15 in Fighting
 54379 | Vaults:2 | Reached XP level 20. HP: 120/129 MP: 18/36
 54476 | Vaults:2 | Reached skill level 23 in Summonings
 54955 | Vaults:2 | Reached skill level 15 in Dodging
 55642 | Vaults:2 | Identified the +4 arbalest "Mure" {penet, rElec rF+ Int-4
                  | Stlth+}
 56353 | Vaults:3 | Noticed Zenata
 56389 | Vaults:3 | HP: 3/129 [yaktaur captain/bolt (35)]
 56724 | Vaults:3 | Killed Zenata
 57181 | Vaults:2 | Found a staircase to the Crypt.
 59946 | Vaults:4 | Identified the +11 shortbow "Worm" {freeze, rF+ rN+ Str+5
                  | Dex-2}
 60784 | Vaults:4 | Reached XP level 21. HP: 136/136 MP: 14/38
 61334 | Vaults:4 | Learned a level 7 spell: Spellforged Servitor
 61460 | Vaults:4 | Reached skill level 1 in Conjurations
 61902 | Elf:1    | Entered Level 1 of the Elven Halls
 61902 | Elf:1    | Found a crumbling gateway.
 61912 | Desolati | Entered the Desolation of Salt
 61957 | Desolati | Reached skill level 5 in Conjurations
 62273 | Desolati | Reached skill level 1 in Armour
 62556 | Desolati | Identified the ring of Tender Moments {Slay+4 Stlth+}
 62575 | Desolati | Reached skill level 5 in Armour
 62861 | Desolati | Identified the +1 scale mail "Quosonoo" {rElec Will+++
                  | Int-3 Dex-3}
 62862 | Desolati | Identified the +1 robe of Ycoxki Boiro {rPois rF- rN+
                  | Will+++}
 63297 | Desolati | Identified the ring "Danoa" {Fly EV+5 Int+2}
 63379 | Desolati | Identified the +0 crystal plate armour of Xusiet {rElec
                  | Dex-4 Slay+6 SInv}
 63384 | Desolati | Identified the +0 troll leather armour of Paanotzu {Regen+
                  | Dex+2}
 63590 | Desolati | Got the Precepts of Sidekicks and Feathers
 63600 | Desolati | Got the Information on Translocation and the Serac
 63601 | Desolati | Identified the +10 war axe "Gunos" {heavy, Will+}
 63618 | Desolati | Got the Vademecum on the Shot
 63992 | Elf:1    | Noticed Azrael
 64002 | Elf:1    | Killed Azrael
 64636 | Elf:1    | Paralysed by an air elemental for 1 turns
 64668 | Elf:1    | Reached skill level 15 in Necromancy
 64808 | Elf:1    | Identified the staff of death "Haelisoe" {rN+ Int+2}
 64935 | Elf:1    | Paralysed by an air elemental for 1 turns
 65312 | Elf:1    | Found a runed translucent gate.
 65312 | Elf:1    | Found a runed translucent gate.
 65312 | Elf:1    | Found a runed translucent gate.
 65312 | Elf:1    | Found a runed translucent gate.
 65312 | Elf:1    | Found a runed translucent gate.
 65313 | Elf:1    | Found a runed translucent gate.
 65842 | Elf:2    | Reached XP level 22. HP: 141/141 MP: 18/39
 66700 | Elf:2    | Reached skill level 5 in Staves
 66756 | Elf:2    | Found a runed translucent gate.
 66757 | Elf:2    | Found a runed translucent gate.
 66757 | Elf:2    | Found a runed translucent gate.
 66813 | Elf:2    | Found Zouz's Antique Armour Shoppe.
 66929 | Elf:1    | Found a shimmering blue altar of Sif Muna.
 67318 | Elf:2    | Reached skill level 10 in Hexes
 67842 | Elf:3    | Entered Level 3 of the Elven Halls
 68738 | Elf:3    | Reached skill level 10 in Staves
 68764 | Elf:3    | Identified the amulet "Rulaq Piosu" {rF+ Regen+ Int+4}
 69008 | Elf:3    | Identified the ring "Quzad" {rElec rPois rF+ Will+ Dex-2}
 69530 | Elf:3    | Found the +7 great mace "Undeadhunter" {deathbane, rN+}
 69539 | Elf:3    | Identified the ring "Jeor" {rElec rC+ rCorr SInv}
 69557 | Elf:3    | Identified the +11 sling "Qofar" {freeze, Str+4}
 69593 | Elf:3    | Identified the +1 robe "Icra" {rElec Int+5 Dex+3}
 69629 | Elf:3    | Identified the ring of Ymakk {rPois rN+ Stlth+}
 69957 | D:10     | You paid a toll of 14 potions of curing to enter a treasure
                  | trove
 69958 | Trove    | Entered a treasure trove
 69998 | Trove    | Identified the +5 quarterstaff of Distraction {speed,
                  | +Blink Int+3}
 70010 | Trove    | Identified the +4 short sword "Koypleth" {flame, *Slow
                  | rF+++}
 70169 | Depths:1 | Entered Level 1 of the Depths
 70210 | Depths:1 | Found a one-way gate leading to the halls of Pandemonium.
 70421 | Depths:1 | HP: 3/141 [poisoned by a green very ugly thing]
 71438 | Depths:1 | Reached XP level 23. HP: 136/146 MP: 9/41
 71458 | Depths:1 | Blown up by a lich

Illustrated notes

Levels and vault maps discovered:
D:1:      saegor_arrival_simple_a, layout_loops_ring,
          shapermc_ecumenical_altar_mp_ritualfount
D:2:      layout_loops_ring, serial_shops, shop
D:3:      layout_loops_cross, nicolae_gozag_seed_capital
D:4:      minmay_polygon_palace, layout_layer_cave, vehumet_statue,
          nicolae_qazlal_beasts_of_the_sky
D:5:      layout_loops_cross, minivault_5, sword_in_stone
D:6:      layout_loops_cross, kennysheep_mini, minmay_temple_entry_sparse_star
D:7:      cheibrodos_fertilizer, layout_loops_corners,
          mainiacjoe_overflow_24_doors, uniq_pikel
D:8:      layout_gridville, nicolae_uskayaw_murder_on_the_dancefloor,
          minmay_door_square, uniq_grum, uniq_maggie, uniq_psyche, uniq_joseph
D:9:      layout_cross, amethyst_overflow_temple_binary,
          dilly_guarded_unrand_elemental_staff
D:10:     layout_gridville, enter_trove_0, uniq_sonja
D:11:     cheibrodos_grave_circle, layout_small_grid, erik_lair_orcish_takeover,
          orc_0_dummy, st_stairs_6, uniq_erolcha
D:12:     layout_roguey, minivault_16
D:13:     hangedman_cross_veins, layout_cave_pods, dk_noncrumbling_3,
          lemuel_flame_loot_1
D:14:     minmay_the_grid_triangle_9x9_recursive_2_mashed
          [minmay_the_grid_triangle_9x9_prize_top_heavy,
          minmay_the_grid_triangle_9x9_zippers_horizontal,
          minmay_the_grid_triangle_9x9_impossible_snake,
          minmay_the_grid_triangle_9x9_alien], layout_basic, david_vaults_3,
          hangedman_glass_teeth
D:15:     gammafunk_depths_entry_grave, layout_loops_ring, serial_shops,
          bzr_entry_dummy, shop, serial_rivers, chequers_serial_rivers_large_a,
          chequers_serial_rivers_micro_a, chequers_serial_rivers_small_3,
          chequers_serial_rivers_micro_e, chequers_serial_rivers_small_a,
          chequers_serial_rivers_small_a, minmay_misc_feat_plants
Temple:   nicolae_temple_ecumenical_triangle
Lair:1:   dragon1_lemuel, layout_small_grid, uniq_gastronok
Lair:2:   layout_cellular_growth, palyth_hydra_swamp_entry,
          nicolae_spider_entry_lesser_pyramids, gammafunk_ghost_grave,
          portal_ice_cave_entry_pillars_1, basic_altar, serial_bayou_pond_d,
          minivault_27, roderic_carrion_pond, uniq_amaemon
Lair:3:   layout_chaotic_city, grunt_megastairs_5, uniq_fannar
Lair:4:   layout_roguey, minmay_slime_entry_pillars
Lair:5:   evilmike_catoblepas_cave, layout_layer_cave, uniq_snorg,
          uniq_josephine
Swamp:1:  layout_basic_swamp, evilmike_swamp_ruin_house_2
Swamp:2:  gammafunk_sealed_arena, layout_basic_swamp,
          evilmike_swamp_ruin_rubble_2, swamp_pool5, beargit_elvish_explorers
Swamp:3:  layout_falls_marsh, hangedman_swamp_cone, nicolae_swamp_oxbows
Swamp:4:  swamp_icy, layout_basic_swamp, uniq_kirke
Spider:1: layout_spider_delve, hangedman_spider_tarantella_strand
Spider:2: layout_spider_delve, nicolae_spider_paper_wasps
Spider:3: layout_spider_delve, uniq_donald, uniq_aizul, uniq_arachne
Spider:4: spider_rune_water
Orc:1:    layout_diamond_mine, serial_shops, nicolae_shop_just_a_little_nook
Orc:2:    grunt_orc_tribal_feast, layout_caves, uniq_urug
Elf:1:    layout_gridlike, portal_desolation_entry_garden, orc_legates,
          grunt_megastairs_3, lemuel_upstairs_altar, uniq_azrael
Elf:2:    nicolae_elf_blades_crystal_corner, layout_geoelf_grid, serial_shops,
          shop
Elf:3:    grunt_elf_hall_branching, layout_rooms, serial_glass, glass_columns_b,
          glass_columns_c, hangedman_elf_simple_split
Vaults:1: vaults_standard_mumra_lines, v_misc_2, dpeg_vaults_hating_casters,
          nicolae_vaults_trapezoid_4, nicolae_vaults_alarming,
          vaults_room_stairs_pillars, ontoclasm_vaults_decontamination,
          nicolae_vaults_closet_pinwheel_3, nicolae_vaults_sesquioval_fish,
          nicolae_vaults_asterisk, layout_vaults_omnicross
Vaults:2: minmay_crypt_entry_simple_corners,
          nicolae_vaults_windows_and_doors_thing, v_pattern_1,
          nicolae_vaults_storage_closets_2, vaults_room_door_hall,
          nicolae_vaults_more_shelving_1, vaults_room_ringed_pool,
          nicolae_vaults_yaktaur_gun_rack, nicolae_vaults_trapezoid_lopsided_1,
          ontoclasm_vaults_ring_small, nicolae_vaults_trapezoid_lopsided_2,
          v_misc_8, layout_vaults_omnibox, uniq_xtahua
Vaults:3: mu_enter_wizlab_5, nicolae_vaults_doubleplus_tesselated, v_misc_9,
          vaults_room_boxed, hangedman_vaults_snaps, hangedman_vaults_capsules,
          v_alt_pattern_2, vaults_dpeg_diagonal, v_misc_23,
          nicolae_vaults_diamond_1, layout_vaults_maze_bifur, uniq_zenata
Vaults:4: v_misc_4, nicolae_vaults_apartment_1, nicolae_vaults_tetromino_L_2,
          v_pattern_4, nicolae_vaults_border_crossing, nicolae_vaults_house_2,
          nicolae_vaults_double_plus_1, layout_vaults_chaotic_city
Depths:1: kennysheep_green_arena, layout_basic, grunt_hell_horde,
          rand_demon_pan_entry_7, solitary_fountain, hangedman_corner_corridor

Skill      XL: |  1  2  3  4  5  6  7  8  9 10 11 12 13 14 15 16 17 18 19 20 21 22 |
---------------+-------------------------------------------------------------------+-----
Summonings     | 5 6 7 9 11 12 13 15 18 21 22 23 | 23.7
Spellcasting   | 3 4 5 6 8 9 11 12 13 | 13.4
Air Magic      | 2 3 5 7 8 10 | 10.2
Hexes          | 1 2 3 4 5 6 7 9 10 | 10.0
Fighting       | 3 5 7 8 9 10 11 13 14 15 | 15.9
Dodging        | 4 6 8 10 11 12 13 14 15 16 | 16.0
Stealth        | 4 5 9 |  9.0
Evocations     | 3 |  3.3
Staves         | 3 4 12 | 12.0
Shields        | 5 |  5.0
Necromancy     | 10 12 13 15 | 15.0
Translocations | 5 |  5.0
Conjurations   | 5 |  5.0
Armour         | 5 |  5.0

Action                     |  1- 3 |  4- 6 |  7- 9 | 10-12 | 13-15 | 16-18 | 19-21 | 22-24 || total
---------------------------+-------+-------+-------+-------+-------+-------+-------+-------++-------
  Melee: Unarmed           |     7 |       |       |       |       |       |       |       ||     7
         Kick              |     3 |       |    10 |    10 |    48 |    39 |    40 |    40 ||   190
         Spear             |     4 |       |       |       |       |       |       |       ||     4
         Short sword       |     6 |     6 |    24 |    14 |       |    45 |       |       ||    95
         Peck              |     1 |     1 |     8 |     6 |    27 |    23 |    20 |    27 ||   113
         Staff             |       |       |       |    14 |    89 |    32 |    69 |    68 ||   272
         Punch             |       |       |       |     1 |     2 |       |       |       ||     3
  Throw: Dart              |       |       |       |     1 |       |       |       |       ||     1
         Boomerang         |       |       |       |       |       |       |     2 |     2 ||     4
   Cast: Summon Small Mamm |    41 |    14 |       |     2 |     2 |       |       |       ||    59
         Call Imp          |     9 |    10 |    30 |    21 |    16 |       |       |       ||    86
         Call Canine Famil |     1 |    16 |    29 |    46 |    25 |     1 |       |       ||   118
         Summon Guardian G |       |       |    42 |    65 |   117 |    57 |       |       ||   281
         Summon Lightning  |       |       |    22 |    68 |    74 |   113 |    97 |    27 ||   401
         Summon Mana Viper |       |       |       |       |    86 |   140 |   111 |    40 ||   377
         Monstrous Menager |       |       |       |       |   109 |   294 |   223 |    76 ||   702
         Summon Forest     |       |       |       |       |       |    61 |    78 |    32 ||   171
         Summon Cactus Gia |       |       |       |       |       |    97 |   122 |    40 ||   259
         Haunt             |       |       |       |       |       |     3 |     3 |     2 ||     8
         Blink             |       |       |       |       |       |       |     1 |     2 ||     3
 Invoke: Call Merchant     |       |       |       |       |     6 |       |       |       ||     6
         Potion Petition   |       |       |       |       |       |       |     1 |     3 ||     4
    Use: Scroll            |       |       |     8 |    13 |    15 |    14 |    14 |     1 ||    65
         Potion            |       |       |       |    11 |     4 |     7 |     6 |     1 ||    29
   Stab: Distracted        |       |       |       |       |     2 |     7 |     1 |     7 ||    17
         Betrayed ally     |       |       |       |       |     1 |     2 |       |       ||     3
         Confused          |       |       |       |       |     1 |     2 |       |       ||     3
         Invisible         |       |       |       |       |     1 |       |       |       ||     1
         Paralysed         |       |       |       |       |       |     3 |     2 |       ||     5
         Sleeping          |       |       |       |       |       |       |       |     1 ||     1
 Armour: Robe              |     2 |     1 |     4 |    23 |    33 |    98 |    53 |    17 ||   231
         Leather armour    |       |       |     6 |       |       |       |       |       ||     6
  Dodge: Dodged            |    12 |    13 |    36 |    86 |   139 |   341 |   255 |   110 ||   992
  Block: Buckler           |       |       |       |       |    12 |    96 |    69 |    44 ||   221
         Reflection        |       |       |       |       |       |       |    15 |     5 ||    20
